 Dungeon Crawl Stone Soup version 0.21-a0-72-gbbb65ab (webtiles) character file.

2762 Ijustatesigmund the Blocker (level 9, 0/62 HPs)
             Began as an Octopode Artificer on June 20, 2017.
             Was a Believer of Okawaru.
             Slain by a killer bee (9 damage)
             ... on level 8 of the Dungeon.
             The game lasted 00:27:35 (6999 turns).

Ijustatesigmund the Blocker (Octopode Artificer)    Turns: 6999, Time: 00:27:35

Health: 0/62       AC:  2    Str: 11    XL:     9   Next: 69%
Magic:  12/12      EV: 18    Int: 17    God:    Okawaru [**....]
Gold:   208        SH:  9    Dex: 16    Spells: 7/8 levels left

rFire    . . .     SeeInvis .   e - +3 dagger
rCold    + + .     Gourm    .   x - +0 buckler (curse)
rNeg     . . .     Faith    .   (helmet restricted)
rPois    .         Spirit   .   C - amulet of Sotsed {Reflect Fragile rC+ Int+4 SH+3}
rElec    .         Reflect  +   n - +4 ring of evasion
rCorr    +         Harm     .   q - ring of flight
MR       +....                  v - ring of protection from magic
Stlth    +++.......             j - ring of resist corrosion
HPRegen  0.20/turn              (no ring)
MPRegen  0.13/turn              (no ring)
                                (no ring)
                                (no ring)

@: no status effects
A: almost no armour, stealthy swim, amphibious, 8 rings, constrict 8, camouflage
1, cold resistance 1, shaggy fur 1, gelatinous body 1
a: Heroism, Renounce Religion, Evoke Flight


You were on level 8 of the Dungeon.
You worshipped Okawaru.
Okawaru was pleased with you.
You were near starving.

You visited 2 branches of the dungeon, and saw 9 of its levels.

You collected 208 gold pieces.

Inventory:

Hand Weapons
 a - a +1 short sword
 e - a +3 dagger (weapon)
Missiles
 w - 2 javelins (quivered)
Armour
 k - a +2 large shield
 x - a cursed +0 buckler (worn)
Jewellery
 j - a ring of resist corrosion (on tentacle)
 n - a +4 ring of evasion (left tentacle)
 q - a ring of flight (right tentacle)
 v - a ring of protection from magic (on tentacle)
 C - the amulet of Sotsed (around mantle) {Reflect Fragile rC+ Int+4 SH+3}
   (You found it on level 6 of the Dungeon)

   [amulet of reflection]

   It shields you and reflects attacks.
   It affects your intelligence (+4).
   It protects you from cold.
   It will be destroyed if unequipped.
   It affects your SH (+3).
Wands
 b - a wand of flame (8/48)
 c - a wand of enslavement (0/24)
 d - a wand of random effects (11/48)
 s - a wand of random effects (25/48)
 y - a wand of iceblast (5/15)
Scrolls
 r - 5 scrolls of recharging
 t - 3 scrolls of enchant weapon
 z - 2 scrolls of remove curse
Potions
 h - a potion of magic
Books
 m - a book of Minor Magic

   Spells                             Type                      Level
   a - Magic Dart                     Conjuration                  1
   b - Blink                          Translocation                2
   c - Call Imp                       Summoning                    2
   d - Slow                           Hexes                        2
   e - Conjure Flame                  Conjuration/Fire             3
   f - Mephitic Cloud                 Conjuration/Poison/Air       3
Comestibles
 f - 3 bread rations
 g - 4 meat rations
 o - 3 royal jellies
 A - 4 fruits


   Skills:
 + Level 5.9 Fighting
 + Level 6.3 Short Blades
 - Level 2.8 Dodging
 - Level 1.3 Stealth
 + Level 8.3 Shields
 + Level 4.5 Invocations
 - Level 3.2 Evocations


You had 7 spell levels left.
You knew the following spells:

 Your Spells              Type           Power        Failure   Level  Hunger
a - Magic Dart            Conj           #...         24%         1    ##.....


Dungeon Overview and Level Annotations

Branches:
Dungeon (8/15)             Temple (1/1) D:5
   Lair: D:8-11

Altars:
Ashenzari
Cheibriados
Dithmenos
Elyvilon
Fedhas
Gozag
Hepliaklqana
Kikubaaqudgha
Makhleb
Nemelex Xobeh
Okawaru
Qazlal
Ru
Sif Muna
Uskayaw
Wu Jian
Zin
The Shining One

Shops:
D:4 [

Annotations:
D:6 tstbtto's ghost, novice NaFi
D:7 Joseph


Innate Abilities, Weirdness & Mutations

You cannot wear most types of armour.
You are very stealthy in the water. (Stealth+)
You are amphibious.
You can wear up to eight rings at the same time.
You can use your tentacles to constrict eight enemies at once.
Your skin changes colour to match your surroundings (Stealth+).
Your rubbery body absorbs attacks. (AC +1, EV +1)
Your flesh is cold resistant. (rC+)
You are covered in fur. (AC +1)


Message History

Press: ? - help, Shift-Dir - straight line, f - killer bee
Aim: a killer bee (lightly wounded, chance to defeat MR: 64%)
The killer bee struggles to resist.
This wand has 1 charge left.
You block the killer bee's attack. x2
Evoke which item? (* to show all) (? for menu, Esc to quit)
Aiming: Enslavement
Press: ? - help, Shift-Dir - straight line, f/p - killer bee
Aim: a killer bee (lightly wounded, chance to defeat MR: 64%)
The killer bee struggles to resist.
This wand has 0 charges left.
You block the killer bee's attack. The killer bee completely misses you.
Evoke which item? (* to show all) (? for menu, Esc to quit)
This wand has no charges.
Okay, then.
Okay, then.
Okay, then.
You closely miss the killer bee. You grab the killer bee.
The killer bee is lightly wounded.
You constrict the killer bee, but do no damage.
The killer bee stings you!
You die...

## #.# ##.# ### ###
#####..# #.###.#
#@#...# ###....†.
##yy..####..####..
##...##..### #.#
##......## #.#
#.........## ##..
.............## #...
...............###.#.
.................††⌠.
.............†...._..


You could see 2 killer bees.

Vanquished Creatures
  The ghost of tilp the Firebug, a novice HOFE (D:4)
  The ghost of KristoblXynda the Ruffian, an amateur DrMo (D:3)
  Eustachio (D:5)
  A hungry ghost (D:7)
  Menkaure (D:7)
  Edmund (D:4)
  2 killer bees (D:8)
  A sky beast (D:5)
  3 ogres
  A centaur (D:5)
  A bullfrog (D:6)
  3 scorpions
  5 howler monkeys
  2 bullfrog zombies
  2 crimson imps (D:5)
  A centaur skeleton (D:4)
  3 orc priests
  2 bullfrog skeletons
  6 orc wizards
  3 iguanas
  3 worker ants
  2 gnolls (D:2)
  7 adders
  2 shadow imps
  3 oozes
  An adder skeleton (D:6)
  3 worms
  2 dart slugs (D:1)
  4 leopard geckos
  17 orcs
  4 giant cockroaches
  6 goblins
  10 hobgoblins
  14 jackals
  A ball python (D:3)
  10 bats
  5 frilled lizards
  7 kobolds
  2 leopard gecko skeletons
  6 rats
150 creatures vanquished.

Vanquished Creatures (collateral kills)
  2 killer bees (D:8)
  A gnoll (D:2)
  An orc (D:3)
  5 goblins
9 creatures vanquished.

Vanquished Creatures (others)
  3 killer bees (D:8)
  2 orcs (D:3)
  2 goblins (D:4)
  A bat (D:3)
8 creatures vanquished.

Grand Total: 167 creatures vanquished

Notes
Turn   | Place    | Note
-------+----------+-------------------------------------------
     0 | D:1      | Ijustatesigmund the Octopode Artificer began the quest for the Orb.
     0 | D:1      | Reached XP level 1. HP: 13/13 MP: 3/3
    66 | D:1      | Reached XP level 2. HP: 9/18 MP: 4/4
   673 | D:1      | Reached XP level 3. HP: 22/24 MP: 5/5
  1195 | D:2      | Reached XP level 4. HP: 21/29 MP: 6/6
  1603 | D:2      | Found a snail-covered altar of Cheibriados.
  2453 | D:3      | Found a stormy altar of Qazlal.
  2537 | D:3      | Reached XP level 5. HP: 29/36 MP: 7/7
  3060 | D:3      | Reached XP level 6. HP: 42/42 MP: 8/8
  3066 | D:3      | Reached skill level 1 in Shields
  3149 | D:3      | Noticed KristoblXynda's ghost (amateur DrMo)
  3289 | D:4      | Reached skill level 2 in Shields
  3331 | D:4      | Reached skill level 3 in Shields
  3382 | D:4      | Found a burning altar of Makhleb.
  3387 | D:4      | Found a glowing silver altar of Zin.
  3387 | D:4      | Noticed an angel
  3387 | D:4      | Noticed a blizzard demon
  3490 | D:4      | Noticed tilp's ghost (novice HOFE)
  3501 | D:4      | Killed tilp's ghost
  3501 | D:4      | Reached skill level 5 in Shields
  3501 | D:4      | Reached XP level 7. HP: 39/46 MP: 9/9
  3517 | D:4      | Learned a level 1 spell: Magic Dart
  3569 | D:4      | Noticed Edmund
  3585 | D:4      | Killed Edmund
  3646 | D:4      | Reached skill level 6 in Shields
  3760 | D:4      | Reached XP level 8. HP: 42/52 MP: 10/10
  3780 | D:4      | Found Diqyra's Armour Shop.
  3840 | D:5      | Entered Level 5 of the Dungeon
  3886 | D:5      | Found a staircase to the Ecumenical Temple.
  3930 | Temple   | Entered the Ecumenical Temple
  3960 | Temple   | Became a worshipper of Warmaster Okawaru
  4291 | D:5      | Reached skill level 7 in Shields
  4405 | D:5      | Reached skill level 1 in Invocations
  4658 | D:5      | Noticed Eustachio
  4683 | D:5      | Killed Eustachio
  4683 | D:5      | Reached * piety under Okawaru
  4683 | D:5      | Reached skill level 5 in Short Blades
  4780 | D:5      | Found an opulent altar of Gozag.
  5071 | D:6      | Reached XP level 9. HP: 51/60 MP: 11/11
  5086 | D:6      | Reached skill level 5 in Fighting
  5278 | D:6      | Got a scintillating amethyst amulet
  5398 | D:6      | Gained mutation: You are covered in fur. (AC +1) [potion of mutation]
  5398 | D:6      | Gained mutation: Your flesh is cold resistant. (rC+) [potion of mutation]
  5547 | D:6      | Noticed tstbtto's ghost (novice NaFi)
  6172 | D:5      | Identified the amulet of Sotsed {Reflect Fragile rC+ Int+4 SH+3} (You found it on level 6 of the Dungeon)
  6223 | D:3      | Killed KristoblXynda's ghost
  6223 | D:3      | Reached skill level 8 in Shields
  6489 | D:7      | Noticed Menkaure
  6502 | D:7      | Killed Menkaure
  6502 | D:7      | Reached ** piety under Okawaru
  6689 | D:7      | Noticed Joseph
  6818 | D:8      | Found a sparkling altar of Nemelex Xobeh.
  6888 | D:8      | Noticed a queen bee
  6908 | D:8      | HP: 2/62 [queen bee (8)]
  6999 | D:8      | Slain by a killer bee

Vault maps used:
D:1:      dpeg_arrival_connections, serial_park_tiny_1
D:2:      tgw_xom, cheibriados_altar_1
D:3:      grunt_qazlal_sundering, first_bread
D:4:      grunt_temple_overflow_order_and_chaos_2, serial_shops,
          kennysheep_mini, minmay_ogre_servants, uniq_edmund
D:5:      grunt_gozag_statues, minmay_temple_entry_statues, uniq_eustachio
D:7:      bloody_trog, uniq_menkaure, uniq_joseph
D:8:      minmay_statue_hallways, nemelex_xobeh_ov_fountains_minmay,
          st_stairs_1, david_nohive_1
Temple:   minmay_temple_bridge_abc

Skill      XL: |  1  2  3  4  5  6  7  8  9 |
---------------+----------------------------+-----
Fighting       | 2 3 4 5 |  5.9
Short Blades   | 2 3 5 6 |  6.3
Shields        | 5 6 7 8 |  8.3
Invocations    | 2 4 |  4.5
Dodging        | |  2.8
Stealth        | |  1.3
Evocations     | |  3.2

Action                   |  1- 3 |  4- 6 |  7- 9 || total
-------------------------+-------+-------+-------++-------
Melee: Short sword       |    53 |   148 |   234 ||   435
       Constrict         |    15 |    32 |    59 ||   106
       Tentacles         |     9 |    27 |    82 ||   118
       Dagger            |       |       |   111 ||   111
Throw: Javelin           |       |       |     4 ||     4
 Cast: Magic Dart        |       |       |     2 ||     2
Evoke: Wand              |     5 |     7 |    21 ||    33
  Use: Scroll            |     3 |     8 |     9 ||    20
       Potion            |       |     5 |     8 ||    13
 Stab: Sleeping          |     5 |    10 |     4 ||    19
       Distracted        |       |       |     2 ||     2
  Eat: Chunk             |     1 |     7 |    11 ||    19
Armor: Skin              |     2 |     5 |     6 ||    13
Dodge: Dodged            |    21 |   110 |   122 ||   253
Block: Large shield      |       |    30 |   168 ||   198
       Buckler           |       |       |    39 ||    39
